 Dungeon Crawl Stone Soup version 0.30.0 (webtiles) character file.

Game seed: 15784900656007239085

121 Dani the Chiller (level 5, 0/38 HPs)
             Began as a Formicid Ice Elementalist on May 18, 2023.
             Was an Initiate of Cheibriados.
             Frozen to death by an endoplasm (5 damage)
             ... on level 4 of the Dungeon.
             The game lasted 00:06:08 (2418 turns).

Dani the Chiller (Formicid Ice Elementalist)        Turns: 2418, Time: 00:06:09

Health: 0/38       AC:  9    Str: 14    XL:     5   Next: 26%
Magic:  8/8        EV: 11    Int: 15    God:    Cheibriados [......]
Gold:   208        SH:  0    Dex: 17    Spells: 7/8 levels left

rFire   . . .        b - +0 sling
rCold   . . .        (no shield)
rNeg    . . .        c - +1 ring mail
rPois   .            (helmet unavailable)
rElec   .            m - +2 cloak
rCorr   .            (no gloves)
SInv    +            (no boots)
Will    .....        (no amulet)
Stlth   ++           (no ring)
HPRegen 0.26/turn    (no ring)
MPRegen 0.11/turn

%: no passive effects
@: very slow
A: permanent stasis, dig shafts and tunnels, antennae 3, four strong arms
a: Dig, Shaft Self, Renounce Religion


You were on level 4 of the Dungeon.
You worshipped Cheibriados.
Cheibriados was noncommittal.
You visited 1 branch of the dungeon, and saw 4 of its levels.

You collected 208 gold pieces.

Inventory:

Hand Weapons
 b - a +0 sling (weapon)
   (You found it on level 1 of the Dungeon)
 f - a +0 short sword
   (You took it off a kobold on level 1 of the Dungeon)
 g - a +0 long sword of draining
   (You found it on level 1 of the Dungeon)
Missiles
 j - 3 poisoned darts
 n - 2 silver javelins
Armour
 a - a +0 robe
 c - a +1 ring mail (worn)
   (You found it on level 1 of the Dungeon)
 m - a +2 cloak (worn)
   (You found it on level 2 of the Dungeon)
Jewellery
 k - a ring of magical power
   (You found it on level 2 of the Dungeon)
Scrolls
 i - a scroll of poison
 R - a scroll of identify {@r1}
Potions
 d - a potion of magic
 e - a potion of invisibility
 h - 2 potions of attraction {unknown}
 l - a potion of berserk rage
 y - a potion of degeneration
 H - a potion of haste
 Q - 2 potions of curing {@q1}


   Skills:
 + Level 1.7 Fighting
 - Level 1.0 Long Blades
 * Level 3.2 Ranged Weapons
 + Level 1.6 Armour
 + Level 1.8 Dodging
 - Level 2.4 Stealth
 - Level 2.1 Spellcasting
 - Level 4.0 Ice Magic
 + Level 0.1 Invocations


You had 7 spell levels left.
You knew the following spells:

 Your Spells              Type           Power      Damage    Failure   Level
a - Freeze                Ice            52%        1d6       9%          1

Your spell library contained the following spells:

 Spells                   Type           Power      Damage    Failure   Level
 Frozen Ramparts          Ice            26%        1d4       26%         3
 Ozocubu's Armour         Ice            13%        N/A       26%         3
 Summon Ice Beast         Ice/Summ       7%         N/A       89%         4


Dungeon Overview and Level Annotations

Branches:
Dungeon (4/15)
 Temple: D:4-7

Altars:
Cheibriados


Innate Abilities, Weirdness & Mutations

You cannot be hasted, slowed, berserked, paralysed or teleported.
You can dig through walls and to a lower floor.
You have a pair of large antennae on your head. (SInv)
Your four strong arms can wield two-handed weapons with a shield.


Message History

Unknown command.
Unknown command.
Unknown command.
Unknown command.
Unknown command.
Unknown command.
Unknown command.
Unknown command.
Unknown command.
Unknown command.
Unknown command.
Unknown command.
Unknown command.
Unknown command.
Unknown command.
Unknown command.
Unknown command.
Unknown command.
Unknown command.
Unknown command.
Unknown command.
Unknown command.
Unknown command.
Unknown command.
Unknown command.
Okay, then.
Unknown command.
As you read the scroll labelled KUPYNANUPH, it crumbles to dust.
It is a scroll of enchant armour.
Your +0 ring mail glows green for a moment.
You see here an adder corpse.
Key pressed, stopping explore.
Key pressed, stopping explore.
Key pressed, stopping explore.
Key pressed, stopping explore.
Key pressed, stopping explore.
Done exploring.
Done exploring.
Done exploring.
Done exploring.
Done exploring.
Done exploring.
There is a stone staircase leading down here.
You climb downwards.
There is a stone staircase leading up here.
You sense a monster nearby.
An iguana comes into view.
The iguana moves out of view.
You shoot a sling bullet. The sling bullet hits the iguana.
The iguana is moderately wounded.
An endoplasm comes into view.
You shoot a sling bullet.
The sling bullet closely misses the iguana.
The iguana bites you but does no damage.
You shoot a sling bullet.
The sling bullet closely misses the iguana.
The sling bullet barely misses the endoplasm.
The iguana bites you but does no damage.
The iguana closely misses you.
The endoplasm hits you but does no damage.
You shoot a sling bullet. The sling bullet hits the iguana.
The iguana is moderately wounded.
The iguana misses you. The endoplasm freezes you.
You are frozen.
You shoot a sling bullet.
The sling bullet hits the iguana but does no damage.
The iguana is moderately wounded.
The endoplasm barely misses you. The iguana bites you!
The iguana closely misses you.
The endoplasm hits you but does no damage.
You shoot a sling bullet.
The sling bullet closely misses the iguana.
The iguana bites you but does no damage.
The endoplasm freezes you.
You are frozen.
* * * LOW HITPOINT WARNING * * *
You shoot a sling bullet.
The sling bullet barely misses the iguana.
The iguana bites you!
* * * LOW HITPOINT WARNING * * *
The endoplasm freezes you.
You are frozen.
* * * LOW HITPOINT WARNING * * *
You are too injured to fight recklessly!
You are too injured to fight recklessly!
You are too injured to fight recklessly!
Fire: b) +0 sling
Press: ? - help, Q - select action, (/) - cycle Shift-Dir - straight line, f/p - iguana
Aim: an iguana (moderately wounded, 61% to hit)
You shoot a sling bullet. The sling bullet hits the iguana.
The iguana is heavily wounded.
The endoplasm closely misses you.
The iguana bites you but does no damage.
The iguana bites you!
* * * LOW HITPOINT WARNING * * *
The endoplasm freezes you.
You are frozen.
You die...

.... .. ##...###....
.. #..#...#...# .###
..#...#...##...
.###............. .
#..............# ...
.........#....##.....
......J..##..........
......l@.....####....
####..##...#..# .
#... ##..#<## ....
#.##..# ... #######
.. . {


You could see an iguana and an endoplasm.

Vanquished Creatures
  3 gnolls (D:2)
  4 adders
  2 worms (D:2)
  7 endoplasms
  5 goblins
  4 hobgoblins
  3 kobolds
  3 quokkas
  2 ball pythons
  9 bats
  2 frilled lizards
  9 rats
53 creatures vanquished.

Notes
Turn   | Place    | Note
-------+----------+-------------------------------------------
     0 | D:1      | Dani the Formicid Ice Elementalist began the quest for the
                  | Orb.
     0 | D:1      | Reached XP level 1. HP: 13/13 MP: 3/3
   107 | D:1      | Reached skill level 1 in Ranged Weapons
   178 | D:1      | Reached XP level 2. HP: 19/19 MP: 3/5
   907 | D:1      | Reached skill level 2 in Ranged Weapons
   959 | D:2      | Reached XP level 3. HP: 24/24 MP: 6/6
  1015 | D:2      | HP: 2/25 [worm (10)]
  1057 | D:2      | Reached skill level 1 in Long Blades
  1144 | D:2      | HP: 6/25 [poisoned by an adder]
  1148 | D:2      | HP: 2/25 [poisoned by an adder]
  1310 | D:2      | Reached skill level 1 in Fighting
  1342 | D:2      | Reached XP level 4. HP: 27/32 MP: 7/7
  1432 | D:2      | Found a snail-covered altar of Cheibriados.
  1573 | D:2      | Became a worshipper of Cheibriados the Contemplative
  1618 | D:2      | Reached skill level 1 in Armour
  1651 | D:2      | Reached skill level 3 in Ranged Weapons
  1747 | D:3      | Found a faded altar of an unknown god.
  1793 | D:3      | Reached XP level 5. HP: 30/38 MP: 8/8
  2418 | D:4      | HP: 5/38 [iguana (9)]
  2418 | D:4      | Frozen to death by an endoplasm

Illustrated notes

Levels and vault maps discovered:
D:1:      tarquinn_simple_flora_water_e, layout_basic
D:2:      layout_rooms, basic_altar
D:3:      layout_basic, basic_ecumenical_altar
D:4:      layout_cave_pools, nicolae_overflow_hidden_temple, serial_shops,
          nicolae_shop_rolled_up, nicolae_shop_pleasant_corner_grove, shop,
          shop_fountains, kennysheep_dice, uniq_ijyb

Skill      XL: |  1  2  3  4 |
---------------+-------------+-----
Ranged Weapons | 1 2 3 |  3.2
Long Blades    | 1 |  1.0
Fighting       | 1 |  1.7
Armour         | 1 |  1.6
Dodging        | |  1.8
Stealth        | |  2.4
Spellcasting   | |  2.1
Ice Magic      | |  4.0
Invocations    | |  0.1

Action                     |  1- 3 |  4- 6 || total
---------------------------+-------+-------++-------
  Melee: Unarmed           |    11 |       ||    11
         Punch             |     1 |       ||     1
         Long sword        |    13 |       ||    13
   Fire: Sling             |    75 |   102 ||   177
   Cast: Freeze            |    10 |       ||    10
    Use: Scroll            |     8 |     5 ||    13
   Stab: Sleeping          |     3 |       ||     3
 Armour: Robe              |    11 |       ||    11
         Ring mail         |     2 |    37 ||    39
  Dodge: Dodged            |    32 |    48 ||    80

Levels and vault maps discovered:
D:1:      tarquinn_simple_flora_water_e, layout_basic
D:2:      layout_rooms, basic_altar
D:3:      layout_basic, basic_ecumenical_altar
D:4:      layout_cave_pools, nicolae_overflow_hidden_temple, serial_shops,
          nicolae_shop_rolled_up, nicolae_shop_pleasant_corner_grove, shop,
          shop_fountains, kennysheep_dice, uniq_ijyb

Table legend: (Time is in decaauts)
 A = Elapsed time spent in this place.
 B = Non-inter-level travel time spent in this place.
 C = Inter-level travel time spent in this place.
 D = Time resting spent in this place.
 E = Time spent auto-exploring this place.
 F = Levels seen in this place.
 G = Mean time per level.
                   A        B        C        D        E       F      G
               +--------+--------+--------+--------+--------+-----+--------+
         Total |   2691 |   2543 |    148 |      0 |   1991 |   4 |  672.8 |
       Dungeon |   2691 |   2543 |    148 |      0 |   1991 |   4 |  672.8 |
               +--------+--------+--------+--------+--------+-----+--------+

Top non-repeatable levels by time:
     D:1: 960 daAuts
     D:2: 868 daAuts
     D:3: 838 daAuts
     D:4: 23 daAuts

Table legend:
 A = Kills in this place as a percentage of kills in the entire game.
 B = Kills by you in this place as a percentage of kills by you in the entire game.
 C = Kills by friends in this place as a percentage of kills by friends in the entire game.
 D = Other kills in this place as a percentage of other kills in the entire game.
 E = Experience gained in this place as a percentage of experience gained in the entire game.
 F = Experience gained in this place divided by the number of levels of this place that you have seen.
                   A       B       C       D       E      F
               +-------+-------+-------+-------+-------+----------------------
         Total | 100.0 | 100.0 |   N/A |   N/A | 100.0 |  43.5
       Dungeon | 100.0 | 100.0 |   N/A |   N/A | 100.0 |  43.5
               +-------+-------+-------+-------+-------+----------------------
